 Dungeon Crawl Stone Soup version 0.26.1-15-g04117e645d (webtiles) character file.

Game seed: 2338191182799931801

133 suipiss the Grave Robber (level 4, -1/30 HPs)
             Began as a Demonspawn Necromancer on Dec 27, 2022.
             Slain by an orc
             ... wielding a cursed +0 whip
              (2 damage)
             ... on level 2 of the Dungeon.
             The game lasted 00:04:22 (3531 turns).

suipiss the Grave Robber (Demonspawn Necromancer)   Turns: 3531, Time: 00:04:23

Health: -1/30      AC:  2    Str:  8    XL:     4   Next: 93%
Magic:  0/8        EV: 13    Int: 17    God:
Gold:   96         SH:  0    Dex: 14    Spells: 4/9 levels left

rFire    . . .     SeeInvis .     - Unarmed
rCold    . . .     Faith    .   (no shield)
rNeg     . . .     Spirit   .   a - +0 robe
rPois    .         Reflect  .   (no helmet)
rElec    .         Harm     .   (no cloak)
rCorr    .         Rampage  .   (no gloves)
Will     .....                  (no boots)
Stlth    ++........             (no amulet)
HPRegen  0.10/turn              (no ring)
MPRegen  0.11/turn              (no ring)

@: no status effects
A: hooves 2
a: no special abilities


You were on level 2 of the Dungeon.
You visited 1 branch of the dungeon, and saw 3 of its levels.

You collected 96 gold pieces.

Inventory:

Armour
 a - a +0 robe (worn)
Scrolls
 b - 5 scrolls of remove curse
 c - a scroll of magic mapping {unknown}
 e - a scroll of blinking {unknown}
 g - a scroll of teleportation


   Skills:
 + Level 2.5 Dodging
 - Level 1.7 Stealth
 + Level 1.4 Unarmed Combat
 * Level 3.1 Spellcasting
 * Level 5.3 Necromancy


You had 4 spell levels left.
You knew the following spells:

 Your Spells              Type           Power        Failure   Level
a - Pain                  Necr           80%          1%          1
b - Animate Skeleton      Necr           40%          1%          1
c - Vampiric Draining     Necr           10%          6%          3

Your spell library contained the following spells:

 Spells                   Type           Power        Failure   Level
 Animate Dead             Necr           10%          19%         4
 Agony                    Necr           20%          47%         5


Dungeon Overview and Level Annotations

Branches:
Dungeon (3/15)

Altars:


Innate Abilities, Weirdness & Mutations

You have hoof-like feet.


Message History

Aim: an orc, wielding a +0 whip and wearing a +0 scale mail (lightly wounded, chance to affect: 90%)
The orc writhes in agony.
The orc closely misses you.
Your goblin skeleton hits the orc.
The orc hits your goblin skeleton with a +0 short sword.
Your goblin skeleton is destroyed!
You aren't carrying any potions.
There is a stone staircase leading up here.
The orc hits you with a cursed +0 whip.
* * * LOW HITPOINT WARNING * * *
You climb upwards.
There is a stone staircase leading down here.
Casting: Pain (safe; 1% risk of failure)
Confirm with . or Enter, or press ? or * to list all spells.
Aiming: Pain (safe; 1% risk of failure)
Press: ? - help, Shift-Dir - straight line, f - orc
Aim: an orc, wielding a +0 whip and wearing a +0 scale mail (chance to affect: 90%)
The orc writhes in agony.
The orc hits you with a cursed +0 whip.
* * * LOW HITPOINT WARNING * * *
The orc hits you with a cursed +0 whip.
You die...

.#
#............................
.#
#........###.........########
.####........# ##.###....#
............## #.# #....#
.#####.##.### #.# #....#
##...[..#.# #.# #....#
#........# #(# ######
################o#
#..(........@>#
##.############ #.# #.# #)#
#.# #.# #.# #.#


You could see an orc.

Vanquished Creatures
  3 gnolls (D:3)
  4 adders (D:2)
  An ufetubus (D:2)
  An ooze (D:1)
  3 dart slugs
  2 leopard geckos
  2 orcs (D:3)
  3 giant cockroaches
  7 goblins
  2 hobgoblins (D:1)
  2 jackals (D:1)
  A quokka (D:3)
  A ball python (D:3)
  6 bats
  4 frilled lizards
  8 kobolds
  3 rats
53 creatures vanquished.

Notes
Turn   | Place    | Note
-------+----------+-------------------------------------------
     0 | D:1      | suipiss the Demonspawn Necromancer began the quest for the
                  | Orb.
     0 | D:1      | Reached XP level 1. HP: 13/13 MP: 3/3
   177 | D:1      | Gained mutation: You have large cloven feet. [demonic
                  | ancestry]
   177 | D:1      | Reached XP level 2. HP: 10/19 MP: 0/5
   179 | D:1      | Learned a level 1 spell: Animate Skeleton
  1512 | D:2      | Reached XP level 3. HP: 20/24 MP: 3/6
  1516 | D:2      | Learned a level 3 spell: Vampiric Draining
  2041 | D:2      | Reached skill level 1 in Unarmed Combat
  2250 | D:2      | Reached skill level 5 in Necromancy
  2445 | D:2      | Gained mutation: You have hoof-like feet. [demonic
                  | ancestry]
  2445 | D:2      | Reached XP level 4. HP: 25/30 MP: 1/8
  3530 | D:2      | HP: 1/30 [orc/cursed +0 whip (4)]
  3531 | D:2      | Slain by an orc

Illustrated notes

Levels and vault maps discovered:
D:1:      dpeg_arrival_court, layout_basic
D:2:      minmay_diamond_boxcup, layout_basic
D:3:      minmay_skewed_foursquare, layout_rooms, overflow_temple_1_default,
          nicolae_overflow_hidden_temple

Skill      XL: |  1  2  3  4 |
---------------+-------------+-----
Dodging        | 2 |  2.5
Unarmed Combat | 1 |  1.4
Necromancy     | 5 |  5.3
Spellcasting   | 3 |  3.1
Stealth        | |  1.7

Action                   |  1- 3 |  4- 6 || total
-------------------------+-------+-------++-------
Melee: Unarmed           |     9 |    23 ||    32
       Kick              |     1 |     4 ||     5
 Cast: Pain              |    58 |    36 ||    94
       Animate Skeleton  |     2 |     2 ||     4
       Vampiric Draining |     3 |     3 ||     6
  Use: Scroll            |     4 |       ||     4
       Potion            |       |     4 ||     4
 Stab: Invisible         |       |     1 ||     1
Armor: Robe              |     1 |     2 ||     3
Dodge: Dodged            |    11 |    56 ||    67
